 Dungeon Crawl Stone Soup version 0.29.1-12-g30fa7ad0bf (webtiles) character file.

Game seed: 13246629242181286951

8737 mopl the Carver (level 11, -4/64 HPs)
             Began as a Tengu Warper on Jan 5, 2023.
             Was an Elder of Okawaru.
             Slain by Grum
             ... wielding a +0 spear
              (9 damage)
             ... on level 10 of the Dungeon.
             The game lasted 00:23:29 (8251 turns).

mopl the Carver (Tengu Warper)                      Turns: 8251, Time: 00:23:30

Health: -4/64      AC:  7    Str: 16    XL:     11   Next: 35%
Magic:  17/18      EV: 19    Int: 20    God:    Okawaru [****..]
Gold:   1098       SH:  5    Dex: 13    Spells: 5/18 levels left

rFire   + . .      SeeInvis .   a - +0 scimitar
rCold   . . .      Faith    +   Z - +0 buckler
rNeg    . . .      Spirit   .   k - +0 troll leather armour
rPois   .          Reflect  .   (helmet restricted)
rElec   .          Harm     .   S - +0 cloak
rCorr   .          Rampage  .   (no gloves)
Will    .....                   (boots unavailable)
Stlth   +++.......              h - amulet of faith {!P}
HPRegen 1.00/turn               t - ring of protection from fire
MPRegen 0.16/turn               D - +6 ring of intelligence

@: heroic, flying quickly and evasively, quick
A: beak, talons 3, nimble flight
a: Renounce Religion, Heroism, Finesse


You were on level 10 of the Dungeon.
You worshipped Okawaru.
Okawaru was greatly pleased with you.
You visited 2 branches of the dungeon, and saw 11 of its levels.

You collected 1362 gold pieces.
You spent 264 gold pieces at shops.

Inventory:

Hand Weapons
 a - a +0 scimitar (weapon)
 b - a +0 short sword of venom
 B - a +2 whip of electrocution
Missiles
 d - 7 boomerangs of dispersal
 q - 3 curare-tipped darts
 s - 3 silver javelins
 x - 14 poisoned darts (quivered)
 W - 6 javelins
Armour
 k - a +0 troll leather armour (worn)
 H - the +0 chain mail of Kulo {+Blink rC++ Str+7}
   (You took it off an orc on level 4 of the Dungeon)

   Str:       It affects your strength (+7).
   rC:        It greatly protects you from cold.
   +Blink:    It lets you blink.
 N - the +3 leather armour of Responsibility {Str+3}
   (You found it on level 7 of the Dungeon)

   Str:       It affects your strength (+3).
 S - a +0 cloak (worn)
 Y - the +4 kite shield of Salvation {Drain rElec Str+3}
   (You took it off a wight on level 9 of the Dungeon)

   Str:       It affects your strength (+3).
   rElec:     It insulates you from electricity.
   Drain:     It drains your maximum health when unequipped.
 Z - a +0 buckler (worn)
Jewellery
 h - an amulet of faith (around neck) {!P}
 l - an amulet of regeneration
 t - a ring of protection from fire (left hand)
 D - a +6 ring of intelligence (right hand)
 X - a ring of fire
Wands
 w - a wand of iceblast (11)
 A - a wand of flame (32)
 P - a wand of paralysis (10)
 R - a wand of polymorph (9)
 U - a wand of mindburst (10)
 V - a wand of light (18)
Scrolls
 c - 2 scrolls of blinking
 e - 4 scrolls of vulnerability {unknown}
 f - a scroll of enchant armour
 j - 3 scrolls of fear {unknown}
 o - 5 scrolls of amnesia {unknown}
 y - 3 scrolls of fog {unknown}
 C - 3 scrolls of poison {unknown}
 F - a scroll of summoning {unknown}
 G - a scroll of immolation {unknown}
 K - 2 scrolls of torment {unknown}
 L - 3 scrolls of teleportation {unknown}
 Q - a scroll of enchant weapon {unknown}
 T - 3 scrolls of noise {unknown}
Potions
 g - 3 potions of might
 i - a potion of brilliance
 m - 3 potions of lignification {!q}
 n - 4 potions of mutation {!q}
 p - 2 potions of haste
 r - 2 potions of heal wounds
 v - 2 potions of ambrosia
 z - a potion of cancellation
 E - a potion of resistance
 J - 3 potions of curing
 M - a potion of magic
 O - a potion of berserk rage {!q}


   Skills:
 + Level 5.2(10.2) Fighting
 * Level 11.4(16.4) Long Blades
 + Level 4.3(9.3) Throwing
 + Level 5.2(10.2) Armour
 + Level 5.7(10.7) Dodging
 + Level 0.5(5.5) Shields
 - Level 4.0 Spellcasting
 + Level 6.0 Translocations
 - Level 5.0 Invocations
 + Level 3.7 Evocations


You had 5 spell levels left.
You knew the following spells:

 Your Spells              Type           Power      Damage    Failure   Level
a - Manifold Assault      Tloc           28%        N/A       41%         5
e - Blink                 Tloc           56%        N/A       2%          2
g - Gell's Gravitas       Tloc           28%        N/A       4%          3
t - Teleport Other        Tloc           28%        N/A       4%          3

Your spell library contained the following spells:

 Spells                   Type           Power      Damage    Failure   Level
 Lesser Beckoning         Tloc           28%        N/A       4%          3
 Sandblast                Erth           8%         2d5       19%         1
 Sting                    Tmut/Pois      16%        1d3       19%         1
 Passwall                 Tmut/Erth      3%         N/A       28%         2
 Sublimation of Blood     Necr           4%         N/A       28%         2
 Wereblood                Tmut           4%         N/A       28%         2
 Stone Arrow              Conj/Erth      8%         3d7       50%         3
 Iskenderun's Mystic Bla  Conj/Tloc      16%        2d5       50%         4
 Fulminant Prism          Conj/Hex       2%         3d6       88%         4
 Leda's Liquefaction      Hex/Erth       2%         N/A       88%         4
 Lee's Rapid Deconstruct  Erth           2%         3d5*      99%         5
 Eringya's Noxious Bog    Tmut/Pois      2%         N/A       100%        6
 Starburst                Conj/Fire      2%         6d3       100%        6
 Statue Form              Tmut/Erth      2%         N/A       100%        6
 Summon Forest            Summ/Tloc      Unusable   N/A       N/A         5
 Summon Hydra             Summ           Unusable   N/A       N/A         7

Dungeon Overview and Level Annotations

Branches:
Dungeon (10/15)            Temple (1/1) D:7            Lair (0/5) D:8
    Orc: D:9-12

Altars:
Ashenzari
Cheibriados
Dithmenos
Elyvilon
Fedhas
Gozag
Hepliaklqana
Makhleb
Nemelex Xobeh
Okawaru
Qazlal
Ru
Uskayaw
Vehumet
Xom
Yredelemnul
The Shining One

Shops:
D:3 =   D:5 !   D:7 [

Annotations:
D:8 app
D:9 bb
D:10 Grum


Innate Abilities, Weirdness & Mutations

You have a beak for a mouth.
You have claws for feet.
Your magical nature lets you fly swiftly and evasively.


Message History

Unknown command.
Unknown command.
You gain the combat prowess of a mighty hero.
The wolf misses you. The wolf bites you! Grum misses you.
You closely miss the wolf. You claw the wolf.
The wolf is lightly wounded.
You block the wolf's attack.
You closely miss the wolf. Your kick misses the wolf.
The wolf is lightly wounded.
The wolf barely misses you. You block Grum's attack. The wolf misses you.
You hit the wolf. You claw the wolf.
The wolf is moderately wounded.
The wolf closely misses you.
Grum hits you from afar with a +0 spear!
* * * LOW HITPOINT WARNING * * *
You barely miss the wolf. You claw the wolf.
The wolf is heavily wounded.
The wolf bites you but does no damage. You block Grum's attack.
You miss the wolf.
The wolf is heavily wounded.
The wolf closely misses you.
You closely miss the wolf. Your peck misses the wolf.
The wolf is heavily wounded.
The wolf closely misses you. Grum barely misses you.
The wolf barely misses you.
You slash the wolf! Your kick misses the wolf.
The wolf is almost dead.
The wolf closely misses you. Grum closely misses you.
You slash the wolf!
You kill the wolf!
Okawaru accepts your kill. You block Grum's attack.
Grum hits you with a +0 spear!
* * * LOW HITPOINT WARNING * * *
You slash Grum! You claw Grum.
Grum is moderately wounded.
You slash Grum! Your kick misses Grum. You peck Grum, but do no damage.
Grum is almost dead.
Grum hits you with a +0 spear!
You die...

#. #.## # #### #### #...##
##/_.###._.## ......
#.....8.....# ......
#..⌠.....⌠..# ......
#......g..# #.....
#..†@.### #.....
###'###.##### #.####
...####....#.....####..###
#......##..####...###....
##..######..#####..#..###
#. ##.....##....### #
#####..........
#>......... #..........


You could see Grum.

Vanquished Creatures
  A two-headed ogre (D:9)
  Pikel (D:4)
  A deep elf pyromancer (D:9)
  An ugly thing (D:8)
  Joseph (D:7)
  An unseen horror (D:8)
  A troll (D:10)
  Prince Ribbit (D:8)
  A shadow (D:9)
  12 yaks
  A steam dragon (D:8)
  2 water moccasins
  3 ice beasts
  3 orc warriors
  2 black bears
  An ogre (D:5)
  2 wolves (D:10)
  4 centaurs
  2 lemures (D:3)
  2 phantoms (D:5)
  A kobold brigand (D:9)
  4 bullfrogs
  2 necrophages
  A gnoll sergeant (D:10)
  A scorpion (D:5)
  5 wights (D:9)
  10 killer bees
  6 howler monkeys
  A jelly (D:5)
  Crazy Yiuf (D:7)
  An orc priest (D:4)
  3 hounds
  2 gnoll boudas
  3 iguanas
  3 orc wizards
  Robin (D:4)
  8 adders
  16 gnolls
  2 shadow imps
  2 adder zombies (D:3)
  A dart slug (D:2)
  27 orcs
  2 bats
  3 endoplasms
  3 giant cockroaches
  25 goblins
  15 hobgoblins
  4 quokkas
  10 ball pythons
  10 frilled lizards
  22 kobolds
  5 rats
243 creatures vanquished.

Vanquished Creatures (others)
  2 plants (D:6)
2 creatures vanquished.

Grand Total: 245 creatures vanquished

Notes
Turn   | Place    | Note
-------+----------+-------------------------------------------
     0 | D:1      | mopl the Tengu Warper began the quest for the Orb.
     0 | D:1      | Reached XP level 1. HP: 12/12 MP: 4/4
   186 | D:1      | Reached XP level 2. HP: 12/17 MP: 6/6
   288 | D:1      | Learned a level 2 spell: Blink
   407 | D:1      | Found a faded altar of an unknown god.
   598 | D:1      | Reached skill level 3 in Long Blades
   680 | D:1      | Reached XP level 3. HP: 19/22 MP: 7/7
   771 | D:2      | Learned a level 3 spell: Teleport Other
  1046 | D:2      | Found a white marble altar of Elyvilon.
  1196 | D:2      | Identified the +1 leather armour of the Burning Sunfish
                  | {rPois Will- Str+8 Int-3}
  1352 | D:2      | Reached XP level 4. HP: 13/27 MP: 8/8
  1521 | D:2      | Became a worshipper of Elyvilon the Healer
  1998 | D:3      | Found Maqiunin's One-of-a-Kind Rings.
  2123 | D:3      | Found a basalt altar of Yredelemnul.
  2319 | D:3      | Found a faded altar of an unknown god.
  2327 | D:3      | Found a white marble altar of Elyvilon.
  2471 | D:4      | You fall into a shaft and drop 2 floors!
  2497 | D:6      | Gained mutation: Your magical nature lets you fly swiftly
                  | and evasively. [Tengu growth]
  2497 | D:6      | Reached XP level 5. HP: 27/31 MP: 9/9
  2519 | D:6      | Reached skill level 4 in Long Blades
  2573 | D:6      | Noticed an orc warrior
  2577 | D:5      | Entered Level 5 of the Dungeon
  2600 | D:5      | Reached skill level 3 in Translocations
  2600 | D:5      | Reached skill level 1 in Invocations
  2636 | D:5      | Noticed a phantom
  2654 | D:5      | Killed a phantom
  2655 | D:5      | Reached skill level 3 in Spellcasting
  2655 | D:5      | Reached XP level 6. HP: 20/36 MP: 11/11
  2684 | D:5      | Noticed a black bear
  2688 | D:5      | Reached * piety under Elyvilon
  2729 | D:4      | Noticed Robin
  2747 | D:4      | Killed Robin
  2857 | D:4      | Learned a level 3 spell: Gell's Gravitas
  2921 | D:4      | Reached skill level 5 in Long Blades
  2932 | D:4      | Noticed Pikel
  3040 | D:4      | Killed Pikel
  3041 | D:4      | Reached skill level 6 in Long Blades
  3041 | D:4      | Reached skill level 2 in Invocations
  3041 | D:4      | Reached XP level 7. HP: 30/40 MP: 11/13
  3055 | D:4      | Identified the +0 chain mail of Kulo {+Blink rC++ Str+7}
  3298 | D:5      | Reached skill level 4 in Spellcasting
  3298 | D:5      | Reached skill level 3 in Invocations
  3298 | D:5      | Reached XP level 8. HP: 36/45 MP: 13/15
  3304 | D:5      | Reached skill level 4 in Translocations
  3310 | D:5      | Learned a level 5 spell: Manifold Assault
  3347 | D:5      | Reached skill level 7 in Long Blades
  3570 | D:5      | Reached ** piety under Elyvilon
  3636 | D:5      | Found Mazyav's Distillery.
  3641 | D:5      | Bought a potion of heal wounds for 55 gold pieces
  3641 | D:5      | Bought a potion of mutation for 88 gold pieces
  3641 | D:5      | Bought a potion of ambrosia for 88 gold pieces
  3641 | D:5      | Bought a potion of flight for 33 gold pieces
  4030 | D:6      | Reached skill level 8 in Long Blades
  4080 | D:6      | Reached skill level 4 in Invocations
  4167 | D:6      | Found a sparkling altar of Nemelex Xobeh.
  4341 | D:6      | Reached XP level 9. HP: 22/49 MP: 16/16
  4464 | D:6      | Reached skill level 5 in Translocations
  4918 | D:7      | Identified the +3 leather armour of Responsibility {Str+3}
  4938 | D:7      | Found a staircase to the Ecumenical Temple.
  4960 | Temple   | Entered the Ecumenical Temple
  4973 | Temple   | Fell from the grace of Elyvilon
  4973 | Temple   | Became a worshipper of Warmaster Okawaru
  5140 | D:7      | Reached skill level 9 in Long Blades
  5254 | D:7      | Found Qinyun's Armour Emporium.
  5261 | D:7      | Reached skill level 2 in Armour
  5573 | D:7      | Noticed Joseph
  5588 | D:7      | Killed Joseph
  5589 | D:7      | Reached skill level 3 in Fighting
  5589 | D:7      | Reached skill level 3 in Dodging
  5677 | D:7      | Found a runed translucent door.
  5678 | D:7      | Noticed Crazy Yiuf
  5685 | D:7      | Killed Crazy Yiuf
  5685 | D:7      | Reached * piety under Okawaru
  5763 | D:8      | Reached skill level 5 in Invocations
  5804 | D:8      | Found a staircase to the Lair.
  5879 | D:8      | Reached skill level 3 in Armour
  5880 | D:8      | Noticed Prince Ribbit
  5890 | D:8      | Killed Prince Ribbit
  5891 | D:8      | Reached skill level 2 in Throwing
  5891 | D:8      | Reached skill level 1 in Evocations
  6036 | D:8      | Reached XP level 10. HP: 56/56 MP: 17/17
  6121 | D:8      | Got the Vellum of Damaging Poison
  6220 | D:8      | Found a sacrificial altar of Ru.
  6249 | D:8      | Noticed a red ugly thing
  6264 | D:8      | Killed a red ugly thing
  6264 | D:8      | Reached ** piety under Okawaru
  6265 | D:8      | Reached skill level 4 in Fighting
  6265 | D:8      | Reached skill level 10 in Long Blades
  6265 | D:8      | Reached skill level 4 in Dodging
  6546 | D:7      | Reached skill level 2 in Evocations
  6623 | D:8      | Reached skill level 3 in Throwing
  6623 | D:8      | Reached skill level 4 in Armour
  6755 | D:8      | Killed an unseen horror
  6982 | D:9      | Reached *** piety under Okawaru
  7037 | D:9      | Noticed a two-headed ogre
  7078 | D:9      | Killed a two-headed ogre
  7126 | D:9      | Noticed a fire crab
  7219 | D:9      | Noticed a deep elf pyromancer
  7224 | D:9      | Reached skill level 5 in Dodging
  7261 | D:9      | Reached skill level 3 in Evocations
  7313 | D:9      | Killed a deep elf pyromancer
  7314 | D:9      | Reached skill level 11 in Long Blades
  7314 | D:9      | Reached XP level 11. HP: 58/62 MP: 16/18
  7401 | D:9      | Reached skill level 5 in Fighting
  7403 | D:9      | Reached skill level 4 in Throwing
  7416 | D:9      | Reached **** piety under Okawaru
  7417 | D:9      | Reached skill level 5 in Armour
  7644 | D:9      | Identified the +4 kite shield of Salvation {Drain rElec
                  | Str+3}
  7653 | D:9      | Reached skill level 6 in Translocations
  7843 | D:10     | Entered Level 10 of the Dungeon
  7994 | D:10     | Identified a scroll of acquirement
  7995 | D:10     | Acquired 812 gold pieces
  8121 | D:10     | Found a shimmering altar of Xom.
  8231 | D:10     | Found a radiant altar of Vehumet.
  8231 | D:10     | Found a blossoming altar of Fedhas.
  8231 | D:10     | Noticed Grum
  8249 | D:10     | HP: 3/64 [Grum/+0 spear (13)]
  8251 | D:10     | Slain by Grum

Illustrated notes

Levels and vault maps discovered:
D:1:      dpeg_arrival_pits, layout_basic, shapermc_ecumenical_altar_pompeii
D:2:      layout_rooms, basic_altar, serial_park_tiny_1
D:3:      layout_rooms, nicolae_overflow_ecumenical_swirl,
          lemuel_zombie_altar_yredelemnul, nicolae_shop_unique_rings
D:4:      layout_rooms, uniq_pikel, uniq_robin
D:5:      layout_cave_pools, serial_shops, nicolae_shop_hallway_plus,
          serial_park_tiny_2
D:6:      corexii_shantytown, layout_layer_cave, nicolae_overflow_crystal_walls,
          nzn_wu_jian_council_hall, chequers_decorated_corner,
          minmay_misc_feat_tower
D:7:      layout_gridville, minmay_temple_entry_stoned_glass, serial_shops,
          shop, uniq_joseph, uniq_crazy_yiuf_cottage
D:8:      layout_gridville, nicolae_ru_the_path_less_chosen, lair_entry_dummy,
          minivault_10, minmay_statues_item, minmay_three_doors,
          uniq_prince_ribbit1
D:9:      layout_basic, wad_dig_loot
D:10:     layout_rooms, tgw_xom, gammafunk_temple_overflow_pools,
          uniq_josephine, uniq_grum, uniq_maggie
Temple:   eino_temple_lava

Skill      XL: |  1  2  3  4  5  6  7  8  9 10 11 |
---------------+----------------------------------+-----
Long Blades    | 3 4 6 8 9 11 | 11.4
Translocations | 3 4 5 6 |  6.0
Invocations    | 1 2 3 4 5 |  5.0
Spellcasting   | 3 4 |  4.0
Armour         | 3 4 5 |  5.2
Fighting       | 3 4 5 |  5.2
Dodging        | 3 5 |  5.7
Throwing       | 2 3 4 |  4.3
Evocations     | 1 3 |  3.7
Shields        | |  0.5

Action                   |  1- 3 |  4- 6 |  7- 9 | 10-12 || total
-------------------------+-------+-------+-------+-------++-------
Melee: Falchion          |    75 |   197 |   322 |     3 ||   597
       Kick              |    11 |    52 |   109 |   101 ||   273
       Peck              |     6 |    27 |    70 |    65 ||   168
       Whip              |       |    11 |       |       ||    11
       Punch             |       |     1 |     2 |    11 ||    14
       Short sword       |       |       |    16 |       ||    16
       Unarmed           |       |       |     3 |       ||     3
       Scimitar          |       |       |       |   331 ||   331
Throw: Dart              |       |     2 |    27 |    17 ||    46
 Cast: Gell's Gravitas   |       |     1 |       |       ||     1
Invok: Heroism           |       |       |       |    11 ||    11
Evoke: Wand              |       |       |     4 |     4 ||     8
  Use: Scroll            |     3 |     1 |     6 |     4 ||    14
       Potion            |       |     2 |       |     2 ||     4
 Stab: Paralysed         |       |       |    10 |     9 ||    19
Armor: Leather armour    |    23 |    30 |     3 |       ||    56
       Skin              |       |    10 |       |       ||    10
       Chain mail        |       |       |   119 |       ||   119
       Steam dragon scal |       |       |     9 |    58 ||    67
       Troll leather arm |       |       |       |     2 ||     2
Dodge: Dodged            |    48 |   147 |   205 |   251 ||   651
Block: Buckler           |       |       |       |    15 ||    15
